AoeStats
← CapDeadpool600

Fortress

510375176Analyzed
1v1 RM · 2d ago on Sep 30, 2026· 57m 9s· 2 players
Game mode
Random Map
Map size
Small (3 player)
Population
200
Speed
Normal
Resources
Standard
Victory
Conquest
Starting age
Dark Age
Ending age
Imperial Age
RankedLock teamsTeams togetherTeam positionsShared explorationLock speedFull tech treeHidden civsTurbo modeCheats
Victory
Defeat
🇸🇪 Persians · Sweden
475
+14
🇺🇸 Slavs · United States
425
-18
CapDeadpool600
10:02 Feudal Age
11:34 Wheelbarrow
11:43 Horse Collar
11:55 Double-Bit Axe
12:31 Man-at-Arms
15:47 Scale Mail Armor
15:53 Scale Barding Armor
16:00 Forging
20:50 Castle Age
19:23 Fletching
19:34 Padded Archer Armor
20:03 Bloodlines
21:28 Elite Skirmisher
24:40 Hand Cart
30:06 Chain Barding Armor
30:02 Chain Mail Armor
31:02 Heavy Plow
30:58 Gold Mining
36:21 Imperial Age
35:33 Husbandry
36:47 Crossbowman
42:08 Elite Boyar
44:05 Onager
54:37 Siege Onager
Chilling Tiger
9:26 Feudal Age
9:46 Double-Bit Axe
11:48 Wheelbarrow
15:44 Castle Age
13:43 Gold Mining
15:06 Forging
15:59 Scale Barding Armor
17:40 Gold Shaft Mining
17:55 Bow Saw
19:18 Horse Collar
25:59 Imperial Age
26:25 Kamandaran
26:58 Padded Archer Armor
28:26 Two-Man Saw
28:33 Husbandry
28:47 Bloodlines
28:58 Heavy Camel Rider
33:14 Iron Casting
33:00 Chain Barding Armor
32:23 Light Cavalry
36:51 Hand Cart
41:06 Pikeman
41:46 Squires
43:19 Crossbowman
44:04 Thumb Ring
47:26 Chemistry
46:58 Halberdier
47:24 Gambesons
51:34 Elite War Elephant
54:18 Blast Furnace
55:14 Leather Archer Armor
55:55 Hussar
Connection lost

Rejoining the realm…

Still unreachable

The connection could not be restored.

Session expired

The server has moved on; the page needs a fresh start.